 Dungeon Crawl Stone Soup version 0.19.5 (webtiles) character file.

148 bobbobbob the Conjurer (level 5, -1/38 HPs)
             Began as a Draconian Conjurer on May 15, 2017.
             Slain by Zekeros's ghost (10 damage)
             ... on level 3 of the Dungeon.
             The game lasted 00:12:39 (2740 turns).

bobbobbob the Conjurer (Draconian Conjurer)         Turns: 2740, Time: 00:12:40

Health: -1/38      AC:  5    Str: 10    XL:     5   Next: 8%
Magic:  4/9        EV: 12    Int: 16    God:
Gold:   44         SH:  0    Dex: 12    Spells: 1 memorised, 9 levels left

rFire  . . .     SeeInvis .     (no weapon)
rCold  . . .     Gourm    .     (armour unavailable)
rNeg   . . .     Faith    .     (no shield)
rPois  .         Spirit   .     (helmet restricted)
rElec  .         Reflect  .     (no cloak)
rCorr  .         Harm     .     (no gloves)
MR     .....                    (no boots)
Stlth  ++........               (no amulet)
                                (no ring)
                                (no ring)

@: no status effects
A: unfitting armour, cold-blooded, AC +5
a: no special abilities


You were on level 3 of the Dungeon.
You were not hungry.

You visited 1 branch of the dungeon, and saw 3 of its levels.

You collected 44 gold pieces.

Inventory:

Jewellery
 e - an uncursed ring of flight {unknown}
 h - a cursed amulet of inaccuracy {unknown}
Scrolls
 c - a scroll of teleportation {unknown}
 d - 4 scrolls of remove curse {unknown}
 f - 2 scrolls of recharging {unknown}
 i - a scroll of fear {unknown}
 k - a scroll of blinking {unknown}
Potions
 g - 3 potions of heal wounds {unknown}
 j - 2 potions of curing {unknown}
Books
 a - a book of Conjurations

   Spells                             Type                      Level
   a - Magic Dart                     Conjuration                  1
   b - Searing Ray                    Conjuration                  2
   c - Dazzling Spray                 Conjuration/Hexes            3
   d - Fulminant Prism                Conjuration/Hexes            4
   e - Iskenderun's Mystic Blast      Conjuration                  4
   f - Iskenderun's Battlesphere      Conjuration/Charms           5
Comestibles
 b - 3 bread rations
 l - a beef jerky


   Skills:
 + Level 2.2 Dodging
 + Level 2.3 Stealth
 + Level 3.2 Spellcasting
 + Level 5.2 Conjurations


You had 9 spell levels left.
You knew the following spells:

 Your Spells              Type           Power        Failure   Level  Hunger
a - Magic Dart            Conj           ###.         1%          1    None


Dungeon Overview and Level Annotations

Branches:
Dungeon (3/15)

Altars:
The Shining One

Annotations:
D:3 Zekeros's ghost, amateur MiFi


Innate Abilities, Weirdness & Mutations

Your plain brown scales are hard. (AC +5)
You cannot fit into any form of body armour.
You are cold-blooded and may be slowed by cold attacks.


Message History

Press: ? - help, Shift-Dir - straight line, f/p - Zekeros's ghost
Aim: Zekeros's ghost (lightly damaged)
The magic dart hits Zekeros's ghost.
Zekeros's ghost is moderately damaged.
Zekeros's ghost hits you!
You hit Zekeros's ghost but do no damage.
Zekeros's ghost is moderately damaged.
Zekeros's ghost hits you but does no damage.
You hit Zekeros's ghost but do no damage.
Your tail-slap misses Zekeros's ghost.
Zekeros's ghost is moderately damaged.
Zekeros's ghost hits you!
A kobold comes into view. It is wielding a short sword.
Zekeros's ghost shouts, "You will never get the ORB!"
Zekeros's ghost barely misses you. Zekeros's ghost hits you.
* * * LOW HITPOINT WARNING * * *
Zekeros's ghost shrieks, "They lied to you.
The Dungeon just goes down and down forever."
Zekeros's ghost hits you!
You die...

###### ### ......
..######### ######
#.#...K.... # #.#.#
#...# #..W#######.!.
#...# ##@........#
#...# #..###.......
#...# ######.###.##.###
#...# #........#.# #
#...#### #[####...#.#
#......#####.#####..#.#
'......'............>..
#......#####.#####....#
#......#####'# ....#


You could see Zekeros's ghost.

Vanquished Creatures
  Ijyb (D:2)
  6 adders
  4 dart slugs
  2 leopard geckos
  A ball python (D:1)
  15 bats
  4 giant cockroaches
  3 goblins
  6 hobgoblins
  7 jackals
  A kobold (D:1)
  2 quokkas (D:2)
  3 frilled lizards (D:1)
  3 rats
58 creatures vanquished.

Notes
Turn   | Place    | Note
-------+----------+-------------------------------------------
     0 | D:1      | bobbobbob the Draconian Conjurer began the quest for the Orb.
     0 | D:1      | Reached XP level 1. HP: 14/14 MP: 3/3
   212 | D:1      | Reached XP level 2. HP: 20/20 MP: 0/5
   807 | D:1      | Reached XP level 3. HP: 26/26 MP: 4/6
  1134 | D:2      | Noticed Ijyb
  1162 | D:2      | Killed Ijyb
  1230 | D:2      | Reached XP level 4. HP: 33/33 MP: 5/7
  1452 | D:2      | Found a glowing golden altar of the Shining One.
  2080 | D:2      | Reached skill level 5 in Conjurations
  2546 | D:3      | Reached XP level 5. HP: 38/38 MP: 3/9
  2727 | D:3      | Noticed Zekeros's ghost (amateur MiFi)
  2740 | D:3      | Slain by Zekeros's ghost

Skill      XL: |  1  2  3  4 |
---------------+-------------+-----
Stealth        | 2 |  2.3
Dodging        | 2 |  2.2
Spellcasting   | 3 |  3.2
Conjurations   | 5 |  5.2

Action                   |  1- 3 |  4- 6 || total
-------------------------+-------+-------++-------
Melee: Unarmed           |    57 |     2 ||    59
       Tailslap          |     4 |       ||     4
 Cast: Magic Dart        |    66 |   100 ||   166
  Eat: Fruit             |     3 |       ||     3
       Bread ration      |       |     1 ||     1
Armor: Skin              |    23 |    16 ||    39
Dodge: Dodged            |    57 |    39 ||    96
